 Dungeon Crawl Stone Soup version 0.20-a0-893-g832831a (webtiles) character file.

84 Dolanko the Chopper (level 4, 0/40 HPs)
             Began as a Minotaur Berserker on Mar 18, 2017.
             Was a Believer of Trog.
             Slain by a gnoll
             ... wielding a +3 flail of holy wrath
              (3 damage)
             ... on level 2 of the Dungeon.
             The game lasted 00:02:25 (1731 turns).

Dolanko the Chopper (Minotaur Berserker)            Turns: 1731, Time: 00:02:25

Health: 0/40       AC: 10    Str: 22    XL:     4   Next: 24%
Magic:  3/3        EV:  9    Int:  4    God:    Trog [**....]
Gold:   113        SH:  0    Dex: 10    Spells: 3/3 levels left

rFire    . . .     SeeInvis .   a - +0 hand axe
rCold    . . .     Gourm    .   n - +0 chain mail (curse)
rNeg     . . .     Faith    .   (no shield)
rPois    .         Spirit   .   (helmet restricted)
rElec    .         Reflect  .   (no cloak)
rCorr    .         Harm     .   l - +0 pair of gloves
MR       .....                  (no boots)
Stlth    ..........             (no amulet)
Regen    0.2/turn               (no ring)
MPRegen  0.1/turn               (no ring)

@: no status effects
A: retaliatory headbutt, horns 2
a: Berserk, Trog's Hand, Burn Spellbooks, Renounce Religion


You were on level 2 of the Dungeon.
You worshipped Trog.
Trog was pleased with you.
You were not hungry.

You visited 1 branch of the dungeon, and saw 2 of its levels.

You collected 113 gold pieces.

Inventory:

Hand Weapons
 a - a +0 hand axe (weapon)
Armour
 l - a +0 pair of gloves (worn)
 n - a cursed +0 chain mail (worn)
Scrolls
 b - a scroll of random uselessness {unknown}
 e - a scroll of remove curse {unknown}
 f - a scroll of noise {unknown}
 g - 2 scrolls of immolation {unknown}
 i - a scroll of identify {unknown}
 m - a scroll of fog {unknown}
Potions
 h - a potion of resistance {unknown}
 k - a potion of agility {unknown}
Comestibles
 c - 3 bread rations
 j - a meat ration


   Skills:
 + Level 4.2 Fighting
 * Level 4.8 Axes
 + Level 3.2 Armour
 + Level 2.9 Dodging


You had 3 spell levels left.
You didn't know any spells.

Dungeon Overview and Level Annotations

Branches:
Dungeon (2/15)

Altars:


Innate Abilities, Weirdness & Mutations

You reflexively headbutt those who attack you in melee.
You have a pair of horns on your head.


Message History

Unknown command.
You struggle against the net.
The gnoll hits you with a flail of holy wrath.
The gnoll hits you with a flail!
You struggle against the net.
The gnoll hits you from afar with a spear.
The gnoll hits you but does no damage. The gnoll hits you with a flail.
You struggle against the net.
The gnoll hits you from afar with a spear.
The gnoll hits you with a flail of holy wrath.
The gnoll hits you but does no damage.
You struggle against the net.
The gnoll hits you from afar with a spear.
The gnoll hits you with a flail of holy wrath!
* * * LOW HITPOINT WARNING * * *
You shred the net and break free! The gnoll hits you but does no damage.
The gnoll hits you with a flail.
* * * LOW HITPOINT WARNING * * *
The gnoll hits you with a flail of holy wrath.
You die...

...........##.##...#.# #..#
...............#.....# #..#
...........##..#...######..######
...........##....................
.#####......#.....###############
#....#.#............
#....#.###....###### #....#..
#....# .....# g##.@..# #....#
#.gg.# #....# #g...# .....#
#.....# #>....# ##....# #....#


You could see 3 gnolls.

Vanquished Creatures
  4 gnolls
  2 oozes (D:1)
  2 leopard geckos
  7 bats
  2 giant cockroaches
  5 hobgoblins
  3 kobolds
  4 frilled lizards
  5 goblins
  2 rats
36 creatures vanquished.

Notes
Turn   | Place    | Note
-------+----------+-------------------------------------------
     0 | D:1      | Dolanko the Minotaur Berserker began the quest for the Orb.
     0 | D:1      | Reached XP level 1. HP: 19/19 MP: 0/0
   185 | D:1      | Reached XP level 2. HP: 24/27 MP: 1/1
   935 | D:1      | Reached XP level 3. HP: 31/33 MP: 2/2
  1296 | D:2      | Reached ** piety under Trog
  1455 | D:2      | Reached XP level 4. HP: 30/40 MP: 3/3
  1731 | D:2      | Slain by a gnoll

Vault maps used:
D:1:      dpeg_arrival_shelter
D:2:      old_standard_altar, kennysheep_flooded_box

Skill      XL: |  1  2  3 |
---------------+----------+-----
Axes           | 4 |  4.8
Fighting       | 4 |  4.2
Armour         | 3 |  3.2
Dodging        | |  2.9

Action                   |  1- 3 |  4- 6 || total
-------------------------+-------+-------++-------
Melee: Hand axe          |    77 |    13 ||    90
       Headbutt          |    16 |     4 ||    20
Invok: Berserk           |     1 |       ||     1
  Eat: Royal jelly       |     1 |       ||     1
       Chunk             |     1 |       ||     1
Armor: Animal skin       |    17 |       ||    17
       Chain mail        |     2 |     6 ||     8
Dodge: Dodged            |    36 |     5 ||    41
